 Dungeon Crawl Stone Soup version 0.29.0-4-gdea44cf6ec (webtiles) character file.

Game seed: 4014039395337304970

352 qw the Chopper (level 6, -1/36 HPs)
             Began as a Tengu Warper on Aug 28, 2022.
             Slain by an ogre
             ... wielding a +0 giant club
              (15 damage)
             ... on level 4 of the Dungeon.
             The game lasted 00:00:39 (4678 turns).

qw the Chopper (Tengu Warper)                       Turns: 4678, Time: 00:00:39

Health: -1/36      AC:  9    Str: 14    XL:     6   Next: 62%
Magic:  10/10      EV: 11    Int: 13    God:
Gold:   226        SH:  0    Dex: 13    Spells: 9/9 levels left

rFire   . . .      SeeInvis .   Y - +0 hand axe
rCold   + . .      Faith    .   (no shield)
rNeg    . . .      Spirit   .   g - +0 scale mail
rPois   .          Reflect  .   (helmet restricted)
rElec   .          Harm     .   (no cloak)
rCorr   .          Rampage  .   l - +2 pair of gloves
Will    .....                   (boots unavailable)
Stlth   ..........              (no amulet)
HPRegen 0.12/turn               b - ring of protection from cold
MPRegen 0.12/turn               (no ring)

@: flying quickly and evasively, quick
A: beak, talons 3, nimble flight
a: no special abilities


You were on level 4 of the Dungeon.
You visited 1 branch of the dungeon, and saw 4 of its levels.

You collected 226 gold pieces.


Innate Abilities, Weirdness & Mutations

You have a beak for a mouth.
You have claws for feet.
Your magical nature lets you fly swiftly and evasively.


   Skills:
 + Level 2.3 Fighting
 - Level 7.3 Axes
 - Level 1.0 Throwing
 - Level 1.1 Armour
 - Level 2.1 Dodging
 - Level 2.0 Spellcasting
 - Level 2.4 Translocations


You had 9 spell levels left.
You didn't know any spells.
Your spell library contained the following spells:

 Spells                   Type           Power      Damage    Failure   Level
 Blink                    Tloc           14%        N/A       54%         2
 Gell's Gravitas          Tloc           7%         N/A       77%         3
 Lesser Beckoning         Tloc           7%         N/A       77%         3
 Teleport Other           Tloc           7%         N/A       77%         3
 Manifold Assault         Tloc           7%         N/A       100%        5

Inventory:

Hand Weapons
 e - a +0 flail
 Y - a +0 hand axe (weapon)
Armour
 g - a +0 scale mail (worn)
 l - a +2 pair of gloves (worn)
Jewellery
 b - a ring of protection from cold (left hand)
Scrolls
 a - a scroll of identify
 c - a scroll of teleportation
 i - a scroll of enchant armour
Potions
 d - 5 potions of curing
 f - a potion of mutation
 j - a potion of invisibility {unknown}
 k - a potion of heal wounds {unknown}

Dungeon Overview and Level Annotations

Branches:
Dungeon (4/15)             Temple (0/1) D:4

Altars:
Fedhas
Gozag
Ru
Yredelemnul

Shops:
D:2 :


Message History

Your peck misses the orc wizard.
The orc wizard is lightly wounded.
The orc wizard hits you but does no damage.
You hit the orc wizard.
The orc wizard is heavily wounded.
The orc wizard hits you with a +0 dagger.
You hit the orc wizard. Your kick misses the orc wizard.
The orc wizard is severely wounded.
You closely miss the orc wizard. Your kick misses the orc wizard.
Your peck misses the orc wizard.
The orc wizard is severely wounded.
The orc wizard closely misses you.
You barely miss the orc wizard.
The orc wizard is severely wounded.
The orc wizard misses you.
You hit the orc wizard but do no damage.
You claw the orc wizard.
You kill the orc wizard!
An orc comes into view. It is wielding a +0 hand axe.
4649 ||| FLEEEEING.
You see here a potion of brilliance.
4653 ||| FLEEEEING.
4654 ||| FLEEEEING.
You see here a wand of digging (8).
You see here a hobgoblin skeleton.
4660 ||| FLEEEEING.
4661 ||| FLEEEEING.
4662 ||| FLEEEEING.
4663 ||| FLEEEEING.
4664 ||| FLEEEEING.
4665 ||| FLEEEEING.
Enter note:
Enter note:
4666 ||| FLEEEEING.
4667 ||| FLEEEEING.
An ogre comes into view. It is wielding a +0 giant club.
You hit the ogre but do no damage. You claw the ogre.
The ogre is lightly wounded.
The ogre hits you with a +0 giant club!
You die...

..'.........###....#
..#########.# #....# ..#
#.# #....## ### #.#
#.....#
######'###....[#######
#........#...........##
#........#....####....#
#........#.O..####....##
#........#.@..........)#
#........#...........#.#
#........#...o.....###.#
#........#####.....# #
#........# #.....#
#.....:..# #.....#
######........# #.....#
...%..........# #.....#
...)..........# #.....#


You could see an ogre and an orc.

Vanquished Creatures
  A black bear (D:4)
  A howler monkey (D:4)
  An orc wizard (D:4)
  7 gnolls (D:3)
  5 adders
  2 worms (D:2)
  3 dart slugs
  2 orcs
  5 bats
  4 endoplasms
  3 giant cockroaches (D:1)
  8 hobgoblins
  4 jackals (D:1)
  5 kobolds
  4 quokkas
  6 ball pythons
  4 frilled lizards
  5 goblins
  6 rats
76 creatures vanquished.

Notes
Turn   | Place    | Note
-------+----------+-------------------------------------------
     0 | D:1      | qw the Tengu Warper began the quest for the Orb.
     0 | D:1      | Reached XP level 1. HP: 12/12 MP: 4/4
     0 | D:1      | 0 ||| qw: Version: 0.1-a-89-g26bdef1
     0 | D:1      | 0 ||| qw: Game counter: 1335
     0 | D:1      | 0 ||| qw: Always use a shield: true
     0 | D:1      | 0 ||| qw: God list: Okawaru
     0 | D:1      | 0 ||| qw: Allow faded altars: false
     0 | D:1      | 0 ||| qw: Do Orc after D:15 true
     0 | D:1      | 0 ||| qw: Do second Lair branch before Depths: true
     0 | D:1      | 0 ||| qw: Lair rune preference: random
     0 | D:1      | 0 ||| qw: Plans: Normal
     0 | D:1      | 0 ||| PLANNING D:1-11
   104 | D:1      | Found a faded altar of an unknown god.
   110 | D:1      | 110 ||| Stepping ~*~*~tactically~*~*~ (stealth).
   289 | D:1      | 289 ||| Stepping ~*~*~tactically~*~*~ (stealth).
   322 | D:1      | Reached skill level 3 in Axes
   322 | D:1      | Reached XP level 2. HP: 17/17 MP: 6/6
   529 | D:1      | HP: 4/17 [jackal (2)]
   821 | D:1      | Reached XP level 3. HP: 21/21 MP: 7/7
  1199 | D:1      | 1199 ||| UPGRADING to +0 scale mail.
  1209 | D:1      | 1209 ||| DROPPING +0 leather armour.
  1210 | D:1      | 1210 ||| READING 2 scrolls labelled ZEOCVIOSIG.
  1211 | D:1      | 1211 ||| READING scroll labelled ALORCH WAYTUNU.
  1212 | D:1      | 1212 ||| DROPPING scroll of blinking.
  1272 | D:2      | Reached skill level 4 in Axes
  1279 | D:2      | Found Acluesanoila's Book Emporium.
  1928 | D:2      | 1928 ||| DROPPING amulet of magic regeneration.
  1929 | D:2      | 1929 ||| UPGRADING to ring of protection from cold.
  1930 | D:2      | 1930 ||| READING scroll labelled QOEQA BOZEVI.
  1935 | D:2      | 1935 ||| READING 2 scrolls labelled BIAMAV UMU.
  1936 | D:2      | 1936 ||| READING 2 scrolls of identify.
  1936 | D:2      | 1936 ||| IDENTIFYING sedimented white potion
  1937 | D:2      | 1937 ||| DROPPING scroll of magic mapping.
  1977 | D:3      | 1977 ||| STAIRDANCE
  1984 | D:2      | Reached XP level 4. HP: 22/26 MP: 8/8
  2050 | D:3      | 2050 ||| STAIRDANCE
  2161 | D:3      | 2161 ||| Stepping randomly (stuck).
  2163 | D:3      | 2163 ||| Stepping randomly (stuck).
  2165 | D:3      | 2165 ||| Stepping randomly (stuck).
  2167 | D:3      | 2167 ||| Stepping randomly (stuck).
  2168 | D:3      | 2168 ||| Stepping randomly (stuck).
  2218 | D:3      | 2218 ||| Stepping ~*~*~tactically~*~*~ (hiding).
  2219 | D:3      | 2219 ||| Stepping ~*~*~tactically~*~*~ (hiding).
  2230 | D:3      | Reached skill level 5 in Axes
  2232 | D:3      | HP: 5/26 [gnoll/+0 flail (8)]
  2492 | D:3      | 2492 ||| DROPPING +0 club.
  2514 | D:3      | 2514 ||| Stepping ~*~*~tactically~*~*~ (stealth).
  2516 | D:3      | 2516 ||| Stepping ~*~*~tactically~*~*~ (stealth).
  2517 | D:3      | 2517 ||| Stepping ~*~*~tactically~*~*~ (stealth).
  2580 | D:3      | 2580 ||| READING scroll labelled MODDOTSISEM.
  2581 | D:3      | 2581 ||| READING scroll labelled NIR QUTWOJ.
  2582 | D:3      | 2582 ||| Stepping randomly (stuck).
  2583 | D:3      | 2583 ||| Stepping ~*~*~tactically~*~*~ (cloud).
  2591 | D:3      | HP: 6/26 [poisoned by you (poison gas)]
  2841 | D:3      | 2841 ||| Stepping randomly (stuck).
  2843 | D:3      | 2843 ||| Stepping randomly (stuck).
  2844 | D:3      | 2844 ||| Stepping randomly (stuck).
  2845 | D:3      | 2845 ||| Stepping randomly (stuck).
  2846 | D:3      | 2846 ||| Stepping randomly (stuck).
  2847 | D:3      | 2847 ||| Stepping randomly (stuck).
  2848 | D:3      | 2848 ||| Stepping randomly (stuck).
  2849 | D:3      | 2849 ||| Stepping randomly (stuck).
  2850 | D:3      | 2850 ||| Stepping randomly (stuck).
  2851 | D:3      | 2851 ||| Stepping randomly (stuck).
  2852 | D:3      | 2852 ||| Stepping randomly (stuck).
  2853 | D:3      | 2853 ||| Stepping randomly (stuck).
  2854 | D:3      | 2854 ||| Stepping randomly (stuck).
  2855 | D:3      | 2855 ||| Stepping randomly (stuck).
  2856 | D:3      | 2856 ||| Stepping randomly (stuck).
  2858 | D:3      | 2858 ||| Stepping randomly (stuck).
  2860 | D:3      | 2860 ||| Stepping randomly (stuck).
  2862 | D:3      | 2862 ||| Stepping randomly (stuck).
  2864 | D:3      | 2864 ||| Stepping randomly (stuck).
  2865 | D:3      | 2865 ||| Stepping randomly (stuck).
  2866 | D:3      | 2866 ||| Stepping randomly (stuck).
  2867 | D:3      | 2867 ||| Stepping randomly (stuck).
  2868 | D:3      | 2868 ||| Stepping randomly (stuck).
  2869 | D:3      | 2869 ||| Stepping randomly (stuck).
  2870 | D:3      | 2870 ||| Stepping randomly (stuck).
  2871 | D:3      | 2871 ||| Stepping randomly (stuck).
  2872 | D:3      | 2872 ||| Stepping randomly (stuck).
  2873 | D:3      | 2873 ||| Stepping randomly (stuck).
  2874 | D:3      | 2874 ||| Stepping randomly (stuck).
  2875 | D:3      | 2875 ||| Stepping randomly (stuck).
  2876 | D:3      | 2876 ||| Stepping randomly (stuck).
  2877 | D:3      | 2877 ||| Stepping randomly (stuck).
  2878 | D:3      | 2878 ||| Stepping randomly (stuck).
  2879 | D:3      | 2879 ||| Stepping randomly (stuck).
  2880 | D:3      | 2880 ||| Stepping randomly (stuck).
  2881 | D:3      | 2881 ||| Stepping randomly (stuck).
  2882 | D:3      | 2882 ||| Stepping randomly (stuck).
  2883 | D:3      | 2883 ||| Stepping randomly (stuck).
  2884 | D:3      | 2884 ||| Stepping randomly (stuck).
  2885 | D:3      | 2885 ||| Stepping randomly (stuck).
  2886 | D:3      | 2886 ||| Stepping randomly (stuck).
  2887 | D:3      | 2887 ||| Stepping randomly (stuck).
  2888 | D:3      | 2888 ||| Stepping randomly (stuck).
  2889 | D:3      | 2889 ||| Stepping randomly (stuck).
  2890 | D:3      | 2890 ||| Stepping randomly (stuck).
  2891 | D:3      | 2891 ||| Stepping randomly (stuck).
  2944 | D:3      | Gained mutation: Your magical nature lets you fly swiftly
                  | and evasively. [Tengu growth]
  2944 | D:3      | Reached XP level 5. HP: 29/30 MP: 9/9
  3245 | D:3      | 3245 ||| Stepping ~*~*~tactically~*~*~ (stealth).
  3264 | D:3      | Identified the +4 whip "Etoleri" {vorpal, rElec Int-5 Dex+2
                  | Stlth+}
  3278 | D:3      | 3278 ||| DROPPING +4 whip "Etoleri" {vorpal, rElec Int-5
                  | Dex+2 Stlth+}.
  3324 | D:3      | Found a basalt altar of Yredelemnul.
  3327 | D:3      | Found an opulent altar of Gozag.
  3330 | D:3      | Found a blossoming altar of Fedhas.
  3336 | D:3      | Found a sacrificial altar of Ru.
  3387 | D:3      | HP: 7/30 [gnoll/+0 spear (7)]
  3388 | D:3      | 3388 ||| READING scroll of teleportation.
  3390 | D:3      | HP: 3/30 [gnoll/+0 spear (2)]
  3392 | D:3      | Reached skill level 6 in Axes
  3510 | D:3      | 3510 ||| Stepping ~*~*~tactically~*~*~ (stealth).
  3517 | D:3      | 3517 ||| Stepping ~*~*~tactically~*~*~ (stealth).
  3518 | D:3      | 3518 ||| Stepping ~*~*~tactically~*~*~ (stealth).
  3761 | D:3      | 3761 ||| Stepping ~*~*~tactically~*~*~ (stealth).
  3970 | D:3      | 3970 ||| DRINKING 3 metallic golden potions.
  4012 | D:3      | 4012 ||| READING 2 scrolls of identify.
  4012 | D:3      | 4012 ||| IDENTIFYING bubbling green potion
  4013 | D:3      | 4013 ||| DROPPING 2 potions of lignification.
  4259 | D:4      | Identified the +4 long sword "Rimilepi" {speed, rPois}
  4530 | D:4      | Reached XP level 6. HP: 32/35 MP: 10/10
  4611 | D:4      | Found a staircase to the Ecumenical Temple.
  4612 | D:4      | 4612 ||| PLANNING TEMPLE
  4612 | D:4      | 4612 ||| UPGRADING to +0 pair of gloves.
  4617 | D:4      | 4617 ||| READING 3 scrolls of enchant armour.
  4617 | D:4      | 4617 ||| ENCHANTING +0 pair of gloves.
  4618 | D:4      | 4618 ||| READING 2 scrolls of enchant armour.
  4618 | D:4      | 4618 ||| ENCHANTING +1 pair of gloves.
  4619 | D:4      | 4619 ||| READING scroll labelled NAMEROERHE.
  4620 | D:4      | 4620 ||| READING 2 scrolls of identify.
  4620 | D:4      | 4620 ||| IDENTIFYING glowing inky potion
  4621 | D:4      | 4621 ||| DROPPING potion of brilliance.
  4624 | D:4      | Noticed a black bear
  4627 | D:4      | 4627 ||| Stepping ~*~*~tactically~*~*~ (hiding).
  4637 | D:4      | Killed a black bear
  4638 | D:4      | Reached skill level 7 in Axes
  4649 | D:4      | 4649 ||| FLEEEEING.
  4653 | D:4      | 4653 ||| FLEEEEING.
  4654 | D:4      | 4654 ||| FLEEEEING.
  4660 | D:4      | 4660 ||| FLEEEEING.
  4661 | D:4      | 4661 ||| FLEEEEING.
  4662 | D:4      | 4662 ||| FLEEEEING.
  4663 | D:4      | 4663 ||| FLEEEEING.
  4664 | D:4      | 4664 ||| FLEEEEING.
  4665 | D:4      | 4665 ||| FLEEEEING.
  4666 | D:4      | 4666 ||| FLEEEEING.
  4667 | D:4      | 4667 ||| FLEEEEING.
  4678 | D:4      | Slain by an ogre

Levels and vault maps discovered:
D:1:      dpeg_arrival_snail, layout_basic, basic_ecumenical_altar,
          bh_walls_and_bars
D:2:      layout_loops_ring, serial_shops,
          nicolae_shop_competitors_out_of_business
D:3:      layout_basic, grunt_temple_overflow_cloverleaf,
          serial_co_window_serial, co_window_corner_a, co_window_corner_a,
          co_window_of_opportunity_a, co_window_corner_a, co_window_corner_a,
          co_window_corner_b, co_window_corner_ca, co_window_of_opportunity_c,
          co_window_2corner, co_window_2corner, co_window_paths_d,
          co_window_4corner_b, glass_columns_a, glass_columns_a,
          glass_columns_c, glass_columns_c
D:4:      layout_basic, minmay_temple_entry_crystal_x

Skill      XL: |  1  2  3  4  5  6 |
---------------+-------------------+-----
Axes           | 3 4 5 6 7 |  7.3
Fighting       | |  2.3
Throwing       | |  1.0
Armour         | |  1.1
Dodging        | |  2.1
Spellcasting   | |  2.0
Translocations | |  2.4

Action                   |  1- 3 |  4- 6 || total
-------------------------+-------+-------++-------
Melee: Hand axe          |    90 |   139 ||   229
       Kick              |    23 |    30 ||    53
       Peck              |     9 |    21 ||    30
       Punch             |       |     2 ||     2
Throw: Boomerang         |     7 |       ||     7
  Use: Scroll            |     5 |     8 ||    13
       Potion            |       |     1 ||     1
Armor: Leather armour    |    18 |       ||    18
       Scale mail        |    14 |    43 ||    57
Dodge: Dodged            |    69 |    84 ||   153

Table legend:
 A = Non-vault XP
 B = Vault XP
 C = Vault XP percentage of total XP
 D = Non-vault monster count
 E = Vault monster count
 F = Vault count percentage of total count
                 A         B        C        D         E       F
            +---------+---------+-------+---------+---------+-------
      Total |     504 |       0 |   0.0 |      76 |       0 |   0.0
            +---------+---------+-------+---------+---------+-------
        D:1 |      42 |       0 |   0.0 |      24 |       0 |   0.0
        D:2 |      41 |       0 |   0.0 |      13 |       0 |   0.0
        D:3 |     163 |       0 |   0.0 |      25 |       0 |   0.0
        D:4 |     258 |       0 |   0.0 |      14 |       0 |   0.0
            +---------+---------+-------+---------+---------+-------
